 Dungeon Crawl Stone Soup version 0.29-a0-1023-g6ae1a4a2c7 (webtiles) character file.

Game seed: 12745173509374170272

437259 tilp the Eclecticist (level 22, -13/188 HPs)
             Began as a Mummy Necromancer on Aug 8, 2022.
             Was the Champion of Kikubaaqudgha.
             Mangled by a vampire knight (illusionary)
             ... wielding a +0 battleaxe
              (27 damage)
             ... on level 1 of the Depths on Aug 11, 2022.
             The game lasted 03:50:31 (87918 turns).

tilp the Eclecticist (Mummy Necromancer)           Turns: 87918, Time: 03:50:31

Health: -13/188    AC: 26    Str: 17    XL:     22   Next: 95%
Magic:  6/46       EV: 14    Int: 24    God:    Kikubaaqudgha [******]
Gold:   5789       SH:  8    Dex: 11    Spells: 11/61 levels left

rFire   + + +      SeeInvis +   a - staff of death
rCold   + . .      Faith    .   F - +3 buckler {reflect}
rNeg    + + +      Spirit   .   V - +3 faerie dragon scales {rPois rN+ rCorr Clar}
rPois   ∞          Reflect  +   p - +2 helmet
rElec   +          Harm     .   B - +2 cloak
rCorr   +          Rampage  .   u - +2 pair of gloves
Will    +++..      Clarity  +   R - +2 pair of boots {Fly}
Stlth   +++.......              k - amulet of Hoci {rF+++ Regen+ rCorr Dex-2 SInv}
HPRegen 1.21/turn               U - ring of willpower
MPRegen 0.30/turn               f - ring "Fothezok" {rElec rF+ rN+ Str+5 Stlth+}

@: animating dead, flying, studying Ice Magic
A: cold resistance 1, negative energy resistance 3, torment resistance 2, heat
vulnerability 1, in touch with death 2, no potions
}: 2/15 runes: barnacled, gossamer
a: Renounce Religion, Unearth Wretches, Torment


You were on level 1 of the Depths.
You worshipped Kikubaaqudgha.
Kikubaaqudgha was exalted by your worship.
You visited 10 branches of the dungeon, and saw 43 of its levels.
You also visited: Ossuary, Bailey and Ice Cave.

You collected 8058 gold pieces.
You spent 2269 gold pieces at shops.

Inventory:

Hand Weapons
 b - the +10 trident of Amorality {pain, rElec rC+ rN+}
   (You found it on level 1 of the Crypt)

   In the hands of one skilled in necromantic magic, it inflicts extra damage on
   living creatures.
   rC:        It protects you from cold.
   rElec:     It insulates you from electricity.
   rN:        It protects you from negative energy.
 e - a +8 lajatang of flaming
 Y - the +9 heavy crossbow "Sniper" {vorpal, Acc+∞ SInv}
   (You found it on level 3 of the Lair of Beasts)

   Any ammunition fired from it inflicts extra damage upon your enemies.
   Any ammunition fired from it never misses its target.
   SInv:      It lets you see invisible.
Missiles
 j - a silver boomerang
 m - 7 throwing nets
 n - 18 atropa-tipped darts (quivered)
 w - 4 silver javelins
 z - 31 boomerangs
 J - 5 poisoned darts
 K - 9 curare-tipped darts
 T - 11 javelins
Armour
 c - a scarf of shadows
 d - a +2 robe of willpower
 p - a +2 helmet (worn)
 u - a +2 pair of gloves (worn)
 x - +3 fire dragon scales
 B - a +2 cloak (worn)
 F - a +3 buckler of reflection (worn)
 Q - an orb of guile
 R - a +2 pair of boots of flying (worn)
 V - the +3 faerie dragon scales (worn) {rPois rN+ rCorr Clar}
   (You took it off the Enchantress on level 1 of the Depths)

   rPois:     It protects you from poison.
   rN:        It protects you from negative energy.
   Clar:      It protects you against confusion.
   rCorr:     It protects you from acid and corrosion.
Magical Staves
 a - a staff of death (weapon)
Jewellery
 f - the ring "Fothezok" (right hand) {rElec rF+ rN+ Str+5 Stlth+}
   (You found it on level 3 of the Crypt)

   [ring of positive energy]

   Str:       It affects your strength (+5).
   rF:        It protects you from fire.
   rElec:     It insulates you from electricity.
   rN:        It protects you from negative energy.
   Stlth:     It makes you more stealthy.
 k - the amulet of Hoci (around neck) {rF+++ Regen+ rCorr Dex-2 SInv}
   (You found it on level 3 of the Crypt)

   [amulet of regeneration]

   Dex:       It affects your dexterity (-2).
   rF:        It renders you almost immune to fire.
   SInv:      It lets you see invisible.
   Regen:     It increases your rate of health regeneration.
   rCorr:     It protects you from acid and corrosion.
 t - a +4 ring of protection
 D - the ring of Perfectionism {*Slow rF+ rC+ Str+2 Int+6}
   (You took it off a deep elf high priest on level 3 of the Elven Halls)

   [ring of intelligence]

   Str:       It affects your strength (+2).
   Int:       It affects your intelligence (+6).
   rF:        It protects you from fire.
   rC:        It protects you from cold.
   *Slow:     It may slow you when you take damage.
 G - a +6 ring of intelligence
 N - an amulet of magic regeneration
 S - a ring of flight
 U - a ring of willpower (left hand)
Wands
 g - a wand of iceblast (24)
 o - a wand of polymorph (9)
 r - a wand of light (23)
 A - a wand of digging (14)
 C - a wand of flame (38)
 I - a wand of mindburst (16)
 P - a wand of charming (23)
Scrolls
 h - 11 scrolls of teleportation
 i - 6 scrolls of vulnerability
 l - a scroll of magic mapping
 q - 8 scrolls of immolation
 s - 4 scrolls of blinking
 v - 11 scrolls of fog
 y - a scroll of silence
 E - 3 scrolls of poison
 L - 2 scrolls of brand weapon
 M - 7 scrolls of amnesia
 W - 5 scrolls of fear
Miscellaneous
 H - a tin of tremorstones (2/2)
 O - a phantom mirror
 X - a phial of floods
 Z - a box of beasts


   Skills:
 + Level 19.3 Fighting
 + Level 7.2 Staves
 + Level 11.4 Armour
 + Level 9.0 Dodging
 - Level 4.0 Stealth
 - Level 6.0 Shields
 + Level 20.2 Spellcasting
 - Level 10.0 Hexes
 - Level 10.0 Summonings
 + Level 19.6 Necromancy
 - Level 4.0 Translocations
 - Level 10.0 Ice Magic
 - Level 10.0 Earth Magic
 + Level 10.9 Evocations


You had 11 spell levels left.
You knew the following spells:

 Your Spells              Type           Power      Damage    Failure   Level
a - Necrotise             Necr           100%       1d9       0%          1
b - Vampiric Draining     Necr           100%       2d13      0%          3
c - Animate Dead          Necr           100%       N/A       0%          4
d - Anguish               Hex/Necr       72%        N/A       1%          4
e - Dispel Undead         Necr           100%       3d31      0%          4
f - Death Channel         Necr           79%        N/A       1%          6
g - Blink                 Tloc           86%        N/A       1%          2
h - Simulacrum            Ice/Necr       72%        N/A       1%          6
i - Borgnjor's Vile Clut  Necr/Erth      72%        N/A       1%          5
j - Haunt                 Necr/Summ      72%        N/A       6%          7
k - Infestation           Necr           79%        N/A       6%          8

Your spell library contained the following spells:

 Spells                   Type           Power      Damage    Failure   Level
 Sandblast                Erth           100%       2d20      1%          1
 Call Imp                 Summ           64%        N/A       1%          2
 Ensorcelled Hibernation  Hex/Ice        100%       N/A       1%          2
 Passwall                 Tmut/Erth      40%        N/A       1%          2
 Dazzling Flash           Conj/Hex       96%        N/A       1%          3
 Lesser Beckoning         Tloc           43%        N/A       1%          3
 Stone Arrow              Conj/Erth      96%        3d13      1%          3
 Cause Fear               Hex            32%        N/A       1%          4
 Corpse Rot               Necr/Pois/Air  100%       N/A       1%          4
 Leda's Liquefaction      Hex/Erth       32%        N/A       1%          4
 Summon Ice Beast         Ice/Summ       64%        N/A       1%          4
 Agony                    Necr           100%       N/A       1%          5
 Metabolic Englaciation   Hex/Ice        32%        N/A       1%          5
 Summon Mana Viper        Hex/Summ       64%        N/A       1%          5
 Magic Dart               Conj           96%        1d7       3%          1
 Shock                    Conj/Air       96%        1d9       3%          1
 Fulminant Prism          Conj/Hex       24%        3d13      3%          4
 Hailstorm                Conj/Ice       48%        3d11      3%          4
 Petrify                  Tmut/Erth      48%        N/A       3%          4
 Summon Lightning Spire   Summ/Air       48%        N/A       3%          4
 Static Discharge         Conj/Air       24%        3-6/arc   4%          2
 Summon Forest            Summ/Tloc      27%        N/A       4%          5
 Passage of Golubria      Tloc           43%        N/A       6%          4
 Summon Cactus Giant      Summ           32%        N/A       8%          6
 Ignite Poison            Fire/Tmut/Pois 24%        N/A       9%          3
 Mephitic Cloud           Conj/Pois/Air  24%        N/A       9%          3
 Swiftness                Air            24%        N/A       9%          3
 Silence                  Hex/Air        24%        N/A       11%         5
 Yara's Violent Unravell  Hex/Tmut       24%        3d11      11%         5
 Manifold Assault         Tloc           43%        N/A       16%         5
 Airstrike                Air            12%        2d(2-18)  30%         4
 Olgreb's Toxic Radiance  Pois           24%        N/A       30%         4
 Enfeeble                 Hex            32%        N/A       38%         7
 Monstrous Menagerie      Summ           32%        N/A       38%         7
 Ozocubu's Refrigeration  Ice            32%        4d14      38%         7
 Summon Hydra             Summ           32%        N/A       38%         7
 Iron Shot                Conj/Erth      24%        9d5       52%         6
 Alistair's Intoxication  Tmut/Pois      16%        N/A       63%         5
 Fireball                 Conj/Fire      12%        3d7       63%         5
 Iskenderun's Battlesphe  Conj           24%        2d8       63%         5
 Lightning Bolt           Conj/Air       12%        1d25      63%         5
 Spellforged Servitor     Conj/Summ      24%        N/A       97%         7
 Eringya's Noxious Bog    Tmut/Pois      12%        N/A       99%         6
 Starburst                Conj/Fire      12%        6d5       99%         6
 Ignition                 Fire           12%        3d6       100%        8
 Lehudib's Crystal Spear  Conj/Erth      24%        10d7      100%        8
 Maxwell's Capacitive Co  Air            12%        ∞         100%        8
 Dragon's Call            Summ           32%        N/A       100%        9
 Shatter                  Erth           32%        3d26*     100%        9
 Beastly Appendage        Tmut           Unusable   N/A       N/A         1
 Ice Form                 Ice/Tmut       Unusable   N/A       N/A         4
 Spider Form              Tmut/Pois      Unusable   N/A       N/A         3
 Statue Form              Tmut/Erth      Unusable   N/A       N/A         6
 Dragon Form              Tmut           Unusable   N/A       N/A         7
 Storm Form               Tmut/Air       Unusable   N/A       N/A         7

Dungeon Overview and Level Annotations

Branches:
Dungeon (15/15)            Temple (1/1) D:4            Lair (5/5) D:9
 Shoals (4/4) Lair:3       Spider (4/4) Lair:3          Orc (2/2) D:12
    Elf (3/3) Orc:2        Vaults (4/5) D:14          Crypt (3/3) Vaults:2
   Tomb (0/3) Crypt:3      Depths (2/4) D:15        Ossuary (visited)
 Bailey (visited)           IceCv (visited)
  Slime: Lair:4-5

Altars:
Ashenzari
Cheibriados
Dithmenos
Fedhas
Gozag
Hepliaklqana
Kikubaaqudgha
Makhleb
Nemelex Xobeh
Okawaru
Qazlal
Ru
Sif Muna
Trog
Uskayaw
Vehumet
Wu Jian
Xom
Yredelemnul

Shops:
Orc:2 =?:[[   Elf:2 !(   Shoals:2 *   Shoals:3 [(:[

Portals:
Hell: Depths:1 Depths:2
Ziggurat: Depths:1
Trove: D:12 (give +4 fire dragon scales)

Annotations:
Lair:5 azure jelly roaming, incomplete
Shoals:3 exclusion: kraken
Spider:3 1 runed translucent door (Mara!!), Mara
Spider:4 Roxanne
Elf:1 6 runed translucent doors (iron/storm/fire dragon!)
Elf:2 3 runed translucent doors
Vaults:3 2 transporters, Siling's ghost, adept DjFE
Depths:1 3 runed translucent doors, Byzxis's ghost, journeyman GrFi; Kuys's ghost, veteran NaVM; Xockerhu's ghost, adept MiMo


Innate Abilities, Weirdness & Mutations

You are immune to poison.
Your flesh is cold resistant. (rC+)
You are immune to negative energy. (rN+++)
You are immune to unholy pain and torment.
You are vulnerable to heat. (rF-)
You are strongly in touch with the powers of death.
You do not drink.


Message History

* * * LOW HITPOINT WARNING * * *
The red ugly thing tail-slaps you but does no damage.
The spriggan rider hits you from afar with a +0 spear.
* * * LOW HITPOINT WARNING * * *
The stone giant shouts!
You fly upwards.
The green ugly thing shimmers and vanishes!
Level annotation: 3 runed translucent doors, Byzxis's ghost, journeyman GrFi; Kuys's ghost, veteran NaVM; Xockerhu's ghost, adept MiMo
There is a stone staircase leading down here.
Unknown command.
Unknown command.
Casting: Infestation (dangerous; 6% risk of failure)
Confirm with . or Enter, or press ? or * to list all spells.
You blink.
You hear a shout!
The vampire knight gestures at you while chanting.
The vampire knight blinks!
The rakshasa weaves an illusion.
The vampire knight shimmers and seems to become two!
You hear a shout!
You feel stable enough to blink again.
You hear a shout!
The vampire knight attacks as you move away!
The vampire knight hits you with a +0 battleaxe!!
* * * LOW HITPOINT WARNING * * *
The vampire knight bites you but does no damage.
Xockerhu's ghost says, "There is no future for me!"
The vampire knight mumbles some strange words.
The vampire knight seems to speed up.
Casting: Blink (safe; 1% risk of failure)
Confirm with . or Enter, or press ? or * to list all spells.
Aiming: Borgnjor's Vile Clutch (mildly dangerous; 1% risk of failure)
Press: ? - help, Shift-Dir - straight line, f - vampire knight
Aim: a vampire knight, wielding a +0 battleaxe and wearing a +0 chain mail (slightly transparent, infested, 100% to hit)
You feel a huge surge of power!
Zombie hands grab the vampire knight.
The zombie hands constrict the vampire knight!
The vampire knight hits you with a +0 battleaxe!!
You die...
Kikubaaqudgha rasps: "You have failed me!
Welcome... oblivion!"

### #.# #.##### #.# #...... #.#
#.##### #.# #.#
################.##########.#
.........i.uR...............#
#########.######V...........#####
#.# #V................ #.#
#@######....[##### #.#
##.#♣⌠♣?##...[# #.#
#..#W...8##...# #########.#
#..#W....)#..[# ..........#
##..+.....}#..[# ##.######.#
#...+.....8###[# #.# #.#
#...+.....[ #=# #.#
#.####...#...... #.##### #.#
#........#....8# #......


You could see 2 vampire knights and Xockerhu's ghost.

Vanquished Creatures
  An ancient lich (Crypt:3)
  Saint Roka (Vaults:2)
  Nikola (Vaults:2)
  the Enchantress (Depths:1)
  A bone dragon (Crypt:3)
  3 liches
  2 deep elf blademasters (Elf:3)
  A deep elf master archer (Elf:3)
  2 ancient champions (Crypt:2)
  A revenant (Crypt:1)
  7 vault wardens
  3 deep elf sorcerers
  2 orc warlords
  Aizul (Spider:3)
  A caustic shrike zombie (Crypt:3)
  2 ghost moths (Spider:1)
  2 emperor scorpions (Spider:4)
  2 deep elf elementalists (Elf:3)
  A curse skull (Crypt:2)
  2 broodmothers
  6 ghouls
  3 spriggan defenders (Depths:1)
  9 ironbound preservers
  3 ironbound thunderhulks (Vaults:3)
  3 war gargoyles (Crypt:3)
  11 very ugly things
  4 vampire knights
  2 deep elf annihilators (Elf:3)
  2 entropy weavers (Lair:3)
  5 deep elf demonologists
  4 dire elephants
  2 crystal guardians (Crypt:3)
  3 fire dragons (Depths:1)
  2 merfolk javelineers
  2 spectral krakens (Shoals:4)
  3 merfolk impalers
  5 deep elf death magi
  An acid blob zombie (Crypt:1)
  4 eidola
  10 jiangshi
  A great orb of eyes (Vaults:4)
  5 yaktaur captains
  7 deep elf high priests
  2 spriggan zombies (Crypt:3)
  The ghost of tailcall the Fighter, a journeyman MiFi of Qazlal (D:11)
  3 vault guards
  2 boulder beetles
  A quicksilver dragon skeleton (Crypt:3)
  4 ghost crabs
  3 hydras
  A merfolk avatar (Shoals:4)
  A peacekeeper (Vaults:4)
  A spriggan air mage (Depths:1)
  8 centaur warriors
  2 ice dragons (Depths:1)
  A merfolk aquamancer (Shoals:4)
  A catoblepas (Lair:3)
  An alligator snapping turtle (Shoals:4)
  A bennu zombie (Crypt:2)
  Erica (D:8)
  3 two-headed ogres
  A death yak (Lair:4)
  2 death knights
  An Orb Guardian skeleton (Crypt:2)
  16 dancing weapons
  4 ironbound frosthearts
  A deep troll earth mage (Vaults:1)
  8 vampire magi
  8 deep elf knights
  7 hell knights
  20 skeletal warriors
  An iron troll (Depths:1)
  3 soul eaters
  A pharaoh ant (Spider:1)
  A storm dragon skeleton (Crypt:1)
  3 fire crabs (Lair:3)
  A sun moth (Spider:1)
  2 steelbarb worms
  An anaconda zombie (Crypt:3)
  2 golden dragon zombies
  A glowing orange brain (Vaults:4)
  2 sea snakes
  15 deep trolls
  2 orb spiders
  11 deep elf archers
  A bunyip skeleton (Crypt:2)
  3 wizards
  2 bog bodies
  8 ironbound convokers
  4 lindwurms
  An orange crystal statue (Crypt:1)
  3 orc knights (Vaults:2)
  Pikel (D:5)
  15 deep elf zephyrmancers
  3 phantasmal warriors
  7 harpies
  10 necromancers
  8 deep elf pyromancers
  16 ugly things
  7 wolf spiders
  5 fauns
  3 cyclopes
  An orc sorcerer (Elf:1)
  9 manticores
  An oklob plant (Lair:1)
  2 elephants
  3 moths of wrath
  A frost giant skeleton (Depths:1)
  A nameless horror (Elf:3)
  3 merfolk sirens
  An apocalypse crab (Lair:3)
  An alligator snapping turtle zombie (Crypt:1)
  An ice statue (IceCv)
  2 water nymphs
  A naga zombie (Crypt:3)
  A torpor snail (Spider:4)
  A titan simulacrum (Vaults:4)
  A centaur zombie (Crypt:3)
  A gargoyle (D:14)
  14 vault sentinels
  A catoblepas zombie (Crypt:2)
  2 cane toads
  A dire elephant skeleton (Crypt:1)
  2 komodo dragons
  3 centaur skeletons
  A kobold demonologist (D:11)
  An unseen horror (D:12)
  2 black draconian zombies
  A redback zombie (Crypt:2)
  15 yaktaurs
  13 ice devils
  2 anaconda simulacra (IceCv)
  4 freezing wraiths
  3 trolls
  6 merfolk
  2 hornets (Lair:5)
  A death drake zombie (Crypt:1)
  Grinder (D:3)
  3 slime creatures
  A hydra skeleton (Crypt:3)
  A wind drake (Shoals:3)
  A fire dragon zombie (Crypt:3)
  A snapping turtle (Shoals:4)
  8 tarantellas
  6 dream sheep
  A harpy skeleton (Crypt:3)
  2 ettin zombies
  6 blink frogs
  37 flying skulls
  An ice dragon skeleton (Crypt:1)
  A radroach zombie (Crypt:1)
  A snapping turtle (shapeshifter) (Elf:1)
  4 jumping spiders
  4 culicivoras
  A centaur simulacrum (D:13)
  A dire elephant simulacrum (IceCv)
  An ettin skeleton (Crypt:3)
  2 wyverns (D:9)
  6 vampires
  3 spriggans
  8 water elementals
  A shadow (D:12)
  4 wraiths
  4 yaks
  Eustachio (D:4)
  2 basilisks
  3 death yak simulacra (IceCv)
  13 redbacks
  9 vampire mosquitoes
  Menkaure (D:6)
  A wind drake skeleton (Crypt:2)
  A spectral snapping turtle (Shoals:4)
  8 water moccasins
  Duvessa (D:7)
  4 hydra simulacra (IceCv)
  A black bear (D:8)
  A naga skeleton (Crypt:3)
  9 orc warriors
  An ice beast (D:5)
  5 boggarts
  A black mamba simulacrum (Crypt:2)
  2 ogres
  10 wolves
  7 centaurs
  An eye of devastation zombie (Crypt:1)
  A blink frog zombie (Crypt:2)
  3 kobold brigands (D:11)
  14 necrophages
  8 bullfrogs
  A two-headed ogre simulacrum (IceCv)
  7 scorpions
  4 earth elementals
  2 cane toad simulacra (IceCv)
  2 wights (D:9)
  Dowan (D:7)
  5 elephant simulacra (IceCv)
  2 spriggan skeletons (Crypt:2)
  A yak skeleton (Crypt:1)
  A warg skeleton (Crypt:2)
  3 howler monkeys
  3 electric eels
  3 jellies
  3 hounds
  5 orc priests
  A human zombie (Ossuary)
  Crazy Yiuf (D:6)
  Terence (D:3)
  7 orc wizards
  A troll simulacrum (IceCv)
  Natasha (thrice) (D:3)
  3 iguanas
  A hell rat (Lair:1)
  8 polar bear simulacra (IceCv)
  2 spriggan simulacra
  A wolf simulacrum (IceCv)
  A deep dwarf zombie (Crypt:1)
  A boggart simulacrum (D:15)
  6 mummies (Ossuary)
  Robin (D:4)
  10 adders
  16 gnolls
  3 naga simulacra (IceCv)
  A shadow imp (D:6)
  2 white imps
  An ufetubus (D:5)
  2 worms
  49 orcs
  5 ball pythons
  3 bats
  6 endoplasms
  3 giant cockroaches
  16 goblins
  8 hobgoblins
  4 jackals (D:4)
  13 kobolds
  3 quokkas
  5 frilled lizards
  2 gnoll zombies (Ossuary)
  A goblin skeleton (Crypt:1)
  A kobold zombie (Ossuary)
  4 orc zombies (Ossuary)
  23 rats
  A spectral goblin (D:1)
  3 tentacles (Shoals:4)
971 creatures vanquished.

Vanquished Creatures (collateral kills)
  A lich (Depths:1)
  2 deep elf master archers (Elf:3)
  A tentacled monstrosity (Vaults:4)
  A kraken (Shoals:1)
  A sphinx (Depths:1)
  A storm dragon (Vaults:4)
  Ilsuiw (Shoals:2)
  A deep elf sorcerer (Elf:3)
  3 emperor scorpions
  An orc warlord (Vaults:2)
  4 vault wardens
  A frost giant (Depths:1)
  2 fire giants (Depths:1)
  A ghost moth (Spider:3)
  A war gargoyle (Crypt:3)
  6 ironbound preservers
  3 broodmothers (Spider:4)
  2 stone giants (Vaults:4)
  3 very ugly things
  3 deep elf annihilators (Elf:3)
  2 ironbound thunderhulks (Vaults:1)
  3 entropy weavers
  4 dire elephants
  A deep elf demonologist (Elf:1)
  2 ettins
  A blizzard demon (Depths:1)
  5 deep elf death magi
  A merfolk impaler (Shoals:2)
  2 crystal guardians
  2 great orbs of eyes
  A deep elf high priest (Elf:3)
  4 yaktaur captains
  A spectral kraken (Shoals:4)
  3 boulder beetles
  2 peacekeepers (Vaults:3)
  A vault guard (Vaults:3)
  2 ironbound frosthearts
  A radroach (Spider:1)
  An ogre mage (Vaults:4)
  A catoblepas (D:13)
  2 two-headed ogres
  7 centaur warriors
  2 ghost crabs
  4 merfolk avatars
  3 dancing weapons
  A tengu warrior (D:12)
  A deep troll earth mage (Vaults:1)
  2 death yaks (Lair:4)
  2 orc high priests (Orc:2)
  3 deep elf knights
  5 pharaoh ants
  3 skeletal warriors (Crypt:3)
  14 deep trolls
  3 sea snakes
  3 steelbarb worms
  A glowing orange brain (Vaults:4)
  3 orb spiders
  4 deep elf archers
  3 necromancers
  6 harpies
  9 ironbound convokers
  2 wizards (Vaults:4)
  3 deep elf zephyrmancers
  4 lindwurms
  A wolf spider zombie (Spider:3)
  26 ugly things
  2 orc knights
  6 fauns (Shoals:1)
  5 deep elf pyromancers
  A cyclops (D:15)
  17 wolf spiders
  2 moths of wrath
  A manticore (Shoals:2)
  7 elephants
  5 vault sentinels
  4 merfolk sirens
  3 water nymphs
  A fire giant skeleton (Depths:1)
  2 gargoyles
  6 cane toads
  5 torpor snails
  3 komodo dragons
  4 demonic crawlers
  3 rime drakes
  A spectral merfolk (Shoals:4)
  3 ice devils
  12 yaktaurs
  23 merfolk
  16 tarantellas
  2 trolls
  2 wind drakes
  2 polar bears (Lair:5)
  15 slime creatures
  6 dream sheep
  7 blink frogs
  A snapping turtle (Shoals:2)
  A moth of wrath zombie (Spider:4)
  24 jumping spiders
  15 culicivoras
  An ettin zombie (Vaults:4)
  6 spriggans (Lair:5)
  5 air elementals
  5 water elementals
  7 yaks
  2 wyverns (Lair:3)
  A fire elemental (Elf:2)
  45 redbacks
  5 vampire mosquitoes
  A death yak simulacrum (IceCv)
  3 wargs
  A water moccasin (Lair:5)
  A spectral snapping turtle (Shoals:4)
  4 black bears
  10 orc warriors
  An ogre (D:15)
  5 boggarts
  17 wolves
  A kobold brigand (D:8)
  6 bullfrogs
  A scorpion (D:4)
  2 wights
  An earth elemental (Elf:1)
  A howler monkey (D:7)
  A human simulacrum (Vaults:4)
  9 orc priests
  9 orc wizards
  2 hell rats (Lair:1)
  2 gnolls
  A dart slug (D:4)
  16 orcs
  An endoplasm (D:4)
  2 hobgoblins
  A ball python (D:3)
  2 kobolds
  2 rats
  3 bushes (Lair:1)
  A tentacle (Shoals:1)
587 creatures vanquished.

Vanquished Creatures (others)
  Rupert (D:13)
  3 emperor scorpions (Spider:4)
  An orc warlord (Vaults:2)
  4 vault wardens
  4 ghost moths
  6 broodmothers
  4 stone giants
  5 very ugly things
  2 war gargoyles
  4 ironbound thunderhulks
  3 ironbound preservers
  4 entropy weavers
  3 dire elephants
  4 spark wasps
  Snorg (D:13)
  6 merfolk impalers
  3 very ugly thing zombies (Vaults:3)
  4 merfolk javelineers
  4 ettins
  A kraken zombie (Shoals:1)
  A deep elf high priest (Vaults:1)
  4 yaktaur captains
  A great orb of eyes (Vaults:1)
  3 ice dragons
  5 vault guards
  A boulder beetle (Lair:3)
  A ghost crab (Lair:3)
  3 radroaches
  4 jorogumos
  4 hydras
  9 ironbound frosthearts
  An anaconda (Lair:3)
  An ogre mage (D:15)
  An alligator snapping turtle (Shoals:4)
  8 centaur warriors
  4 merfolk aquamancers (Shoals:4)
  2 tengu warriors
  2 deep troll earth magi
  A two-headed ogre (D:15)
  A satyr (Shoals:4)
  2 death yaks (Lair:4)
  3 orc high priests (Orc:2)
  A hell knight (Depths:2)
  2 emperor scorpion zombies (Spider:4)
  8 deep elf knights
  A spark wasp zombie (Spider:3)
  3 fire crabs
  An ogre zombie (Vaults:3)
  An entropy weaver zombie (Lair:3)
  An iron troll (D:14)
  A pharaoh ant (Spider:2)
  3 sea snakes
  A steelbarb worm (Spider:4)
  A sun moth (Spider:4)
  An anaconda zombie (Lair:3)
  6 lindwurms
  18 deep trolls
  2 orb spiders
  5 wolf spider zombies
  3 deep elf archers
  8 deep elf zephyrmancers
  3 wizards
  An ironbound convoker (Vaults:1)
  7 harpies
  A lindwurm (shapeshifter) (D:14)
  5 ugly thing zombies
  A jorogumo zombie (Spider:1)
  3 deep elf pyromancers (Elf:1)
  6 fauns
  8 wolf spiders
  10 ugly things
  2 orc sorcerers (Orc:2)
  A stone giant zombie (Vaults:1)
  3 broodmother zombies (Spider:4)
  2 cyclopes (D:12)
  16 human zombies
  15 manticores
  A water nymph (Shoals:1)
  4 merfolk sirens
  2 elephants (Lair:4)
  2 dire elephant zombies
  2 black mambas
  A black mamba (shapeshifter) (D:15)
  8 cane toads
  2 gargoyles
  A torpor snail (Lair:3)
  An iron troll zombie (D:14)
  2 demonic crawlers
  7 yaktaurs
  10 rime drakes
  14 redback zombies
  An efreet (D:15)
  A komodo dragon (Lair:4)
  An orb spider zombie (Spider:2)
  A demonic crawler zombie (Spider:3)
  4 harpy zombies
  3 polar bears (Lair:5)
  4 wind drakes
  9 merfolk
  4 trolls
  4 tarantellas
  A sun moth zombie (Spider:1)
  4 blink frogs (Lair:1)
  An ice dragon zombie (D:14)
  3 snapping turtles
  6 tarantella zombies
  3 culicivora zombies
  A satyr zombie (Shoals:4)
  A boulder beetle zombie (Vaults:2)
  2 dream sheep
  7 jumping spider zombies
  11 jumping spiders
  7 spriggans (Lair:5)
  A radroach zombie (Spider:4)
  13 culicivoras
  3 black mamba zombies
  A wraith (D:11)
  3 wind drake zombies
  8 yaks
  A basilisk (Lair:3)
  A slime creature zombie (Vaults:2)
  A vampire mosquito (D:11)
  2 steam dragons
  18 redbacks
  4 wargs
  13 deep troll zombies
  3 water nymph zombies (Shoals:1)
  2 acid dragons
  2 tengu zombies (D:12)
  A two-headed ogre zombie (D:9)
  3 water moccasins
  5 cane toad zombies
  2 faun zombies
  17 merfolk zombies
  21 orc warriors
  7 ice beasts (IceCv)
  15 elf zombies
  5 manticore zombies
  3 ogres
  2 snapping turtle zombies
  A blink frog zombie (Lair:1)
  2 lindwurm zombies (Vaults:2)
  6 wolves
  8 rime drake zombies (IceCv)
  2 torpor snail zombies
  2 centaurs
  3 fire crab zombies (Lair:3)
  8 yaktaur zombies
  A kobold brigand (D:9)
  6 vampire mosquito zombies
  2 bullfrogs
  A wyvern zombie (D:9)
  4 water moccasin zombies
  A cyclops zombie (D:12)
  A gnoll sergeant (D:11)
  4 warg zombies
  8 wights
  8 yak zombies
  2 troll zombies
  6 electric eels
  4 wolf zombies (Lair:2)
  6 centaur zombies
  5 bullfrog zombies
  2 basilisk zombies
  A black bear zombie (D:9)
  2 gnoll boudas
  7 orc priests
  7 orc wizards
  5 boggart zombies (Vaults:2)
  2 hell rats (Lair:1)
  5 ice beast zombies (IceCv)
  5 hell rat zombies (Lair:1)
  A howler monkey zombie (D:7)
  3 gnolls
  15 orcs
  A hobgoblin (D:12)
  A kobold (D:9)
  A frilled lizard (D:14)
  3 gnoll zombies
  A hobgoblin zombie (D:12)
  2 kobold zombies
  60 orc zombies
  45 fungi
  109 plants
  39 tentacles
  10 withered plants (Shoals:4)
991 creatures vanquished.

Grand Total: 2549 creatures vanquished

Notes
Turn   | Place    | Note
-------+----------+-------------------------------------------
     0 | D:1      | tilp the Mummy Necromancer began the quest for the Orb.
     0 | D:1      | Reached XP level 1. HP: 13/13 MP: 4/4
   324 | D:1      | Reached XP level 2. HP: 20/20 MP: 3/5
   373 | D:1      | Found a faded altar of an unknown god.
   523 | D:1      | Reached skill level 1 in Fighting
  1666 | D:2      | Gained mutation: You are in touch with the powers of death.
                  | [Mummy growth]
  1666 | D:2      | Reached XP level 3. HP: 26/26 MP: 1/7
  1670 | D:2      | Learned a level 3 spell: Vampiric Draining
  1836 | D:2      | Reached skill level 3 in Spellcasting
  2203 | D:2      | Found a basalt altar of Yredelemnul.
  2508 | D:3      | Noticed Grinder
  2866 | D:3      | Noticed Natasha
  2867 | D:3      | Found a radiant altar of Vehumet.
  2878 | D:3      | Killed Natasha
  2878 | D:3      | Noticed Natasha
  2879 | D:3      | Reached XP level 4. HP: 25/33 MP: 2/8
  2892 | D:3      | Killed Natasha
  2893 | D:3      | Reached skill level 5 in Necromancy
  3049 | D:3      | Noticed Terence
  3130 | D:3      | Noticed Natasha
  3134 | D:3      | Killed Natasha
  3216 | D:4      | Noticed a scorpion
  3273 | D:4      | Killed a scorpion
  3274 | D:4      | Reached XP level 5. HP: 38/38 MP: 3/9
  3372 | D:4      | Noticed Eustachio
  3396 | D:4      | Killed Eustachio
  3397 | D:4      | Reached XP level 6. HP: 43/46 MP: 1/11
  3716 | D:4      | Noticed Robin
  3739 | D:4      | Killed Robin
  3846 | D:4      | Got the Folio of Outbursts
  4031 | D:4      | Found a shimmering altar of Xom.
  4056 | D:4      | Found a staircase to the Ecumenical Temple.
  4061 | Temple   | Entered the Ecumenical Temple
  4110 | Temple   | Became a worshipper of Kikubaaqudgha
  4462 | D:4      | Reached XP level 7. HP: 49/52 MP: 7/12
  4667 | D:4      | Learned a level 4 spell: Animate Dead
  4681 | D:5      | Entered Level 5 of the Dungeon
  4863 | D:5      | Found a sand-covered staircase.
  4872 | Ossuary  | Entered an ossuary
  5068 | Ossuary  | Reached skill level 4 in Spellcasting
  6132 | D:5      | Noticed Pikel
  6677 | D:5      | Reached * piety under Kikubaaqudgha
  6677 | D:5      | Received a gift from Kikubaaqudgha
  6738 | D:5      | Killed Pikel
  6739 | D:5      | Reached skill level 5 in Spellcasting
  6739 | D:5      | Reached skill level 1 in Evocations
  6739 | D:5      | Reached XP level 8. HP: 19/61 MP: 11/15
  7265 | D:5      | Learned a level 4 spell: Anguish
  7337 | D:5      | Reached skill level 1 in Hexes
  7370 | D:6      | Found an opulent altar of Gozag.
  7383 | D:6      | Reached skill level 5 in Fighting
  7518 | D:6      | Reached XP level 9. HP: 55/68 MP: 13/17
  7629 | D:6      | Found an opulent altar of Gozag.
  7634 | D:6      | Found an opulent altar of Gozag.
  7695 | D:6      | Noticed Menkaure
  7710 | D:6      | Killed Menkaure
  7989 | D:6      | Found an opulent altar of Gozag.
  8169 | D:6      | Reached skill level 6 in Spellcasting
  8577 | D:6      | Found a runed translucent door.
  8578 | D:6      | Noticed Crazy Yiuf
  8585 | D:6      | Killed Crazy Yiuf
  8957 | D:7      | Reached ** piety under Kikubaaqudgha
  9123 | D:7      | Noticed Duvessa
  9126 | D:7      | Noticed Dowan
  9139 | D:7      | Killed Duvessa
  9142 | D:7      | Killed Dowan
  9756 | D:7      | Identified the +2 robe of Catatonia {rCorr}
  9793 | D:8      | Noticed Erica
 10202 | D:8      | Killed Erica
 10203 | D:8      | Reached skill level 7 in Spellcasting
 10203 | D:8      | Reached XP level 10. HP: 61/79 MP: 3/20
 10220 | D:8      | Reached skill level 10 in Necromancy
 10749 | D:8      | Reached skill level 5 in Hexes
 10852 | D:9      | Found a staircase to the Lair.
 10870 | D:9      | Noticed a two-headed ogre
 10876 | D:9      | Killed a two-headed ogre
 11306 | D:9      | Reached *** piety under Kikubaaqudgha
 11306 | D:9      | Received a gift from Kikubaaqudgha
 11319 | D:9      | Found a burning altar of Makhleb.
 11584 | D:9      | Found a shimmering blue altar of Sif Muna.
 11643 | D:9      | Noticed a centaur warrior
 11649 | D:9      | Killed a centaur warrior
 12038 | D:9      | Found an ornate altar of the Wu Jian Council.
 12043 | D:9      | Noticed a gargoyle
 12052 | D:9      | Killed a gargoyle
 12160 | D:9      | Found a bloodstained altar of Trog.
 12191 | D:9      | Learned a level 4 spell: Dispel Undead
 12198 | D:9      | Learned a level 6 spell: Death Channel
 12244 | D:10     | Entered Level 10 of the Dungeon
 12246 | D:10     | Reached XP level 11. HP: 86/86 MP: 17/22
 12381 | D:10     | Noticed a two-headed ogre
 12388 | D:10     | Killed a two-headed ogre
 12443 | D:10     | Found a flagged portal.
 12513 | Bailey   | Entered a bailey
 12701 | Bailey   | Reached **** piety under Kikubaaqudgha
 13023 | D:10     | Identified the +6 scale mail of the Comet {Int+4 Dex+3}
 13094 | D:10     | Found a hide-covered altar of Uskayaw.
 13383 | D:10     | Reached skill level 8 in Spellcasting
 13404 | D:10     | Found a blossoming altar of Fedhas.
 14053 | D:3      | Killed Grinder
 14206 | D:3      | Killed Terence
 14234 | D:3      | Upgraded the game from 0.29-a0-1009-g60c99734e7 to
                  | 0.29-a0-1016-g236c7fd91e
 14363 | D:11     | Noticed a centaur warrior
 14369 | D:11     | Killed a centaur warrior
 14874 | D:11     | Found a runed translucent gate.
 14874 | D:11     | Found a runed translucent gate.
 14874 | D:11     | Found a runed translucent gate.
 14935 | D:11     | Noticed tailcall's ghost (journeyman MiFi)
 15715 | D:11     | Identified the +0 robe of Pragmatism {Will+}
 16003 | Lair:1   | Entered Level 1 of the Lair of Beasts
 16020 | Lair:1   | Reached skill level 9 in Spellcasting
 16024 | Lair:1   | Reached skill level 10 in Fighting
 16049 | Lair:1   | Reached XP level 12. HP: 22/97 MP: 11/25
 16439 | Lair:1   | Identified the +7 chain mail of Leapfrog {rF+ Will- Int+4}
 16971 | Lair:1   | Noticed an eight-headed hydra
 16975 | Lair:1   | Killed an eight-headed hydra
 17025 | Lair:1   | Reached skill level 5 in Evocations
 17029 | Lair:1   | Identified a scroll of acquirement
 17030 | Lair:1   | Acquired 1108 gold pieces
 17193 | Lair:1   | Upgraded the game from 0.29-a0-1016-g236c7fd91e to
                  | 0.29-a0-1019-g84f7d21838
 17352 | Lair:1   | Reached skill level 10 in Spellcasting
 17909 | Lair:2   | Identified the +11 spear "Undertaker" {flame, rC+ Str+3}
 18118 | Lair:2   | Noticed a four-headed hydra
 18125 | Lair:2   | Killed a three-headed hydra
 18245 | Lair:2   | Noticed a seven-headed hydra
 18248 | Lair:2   | Killed a seven-headed hydra
 18287 | Lair:2   | Reached ***** piety under Kikubaaqudgha
 18937 | Lair:3   | Gained mutation: You are strongly in touch with the powers
                  | of death. [Mummy growth]
 18937 | Lair:3   | Reached XP level 13. HP: 47/106 MP: 15/27
 18970 | Lair:3   | Identified the +5 long sword of the Ass {speed, rElec Int+4
                  | SInv}
 19030 | Lair:3   | Reached skill level 11 in Spellcasting
 19105 | Lair:3   | Found a staircase to the Shoals.
 19152 | Lair:3   | Found a hole to the Spider Nest.
 19216 | Lair:3   | Found a gate leading to a gauntlet.
 19489 | Lair:3   | Found a runed translucent door.
 20144 | Lair:4   | Reached skill level 15 in Necromancy
 20920 | Lair:5   | Entered Level 5 of the Lair of Beasts
 20959 | Lair:5   | Reached skill level 1 in Armour
 21069 | Lair:5   | Identified the amulet "Zuenorch" {Acrobat Drain rF++ rN++}
 21206 | Lair:5   | Identified the +7 sling "Goblin's Nightmare" {vorpal, rPois
                  | Int+6 Dex-3}
 21635 | Lair:5   | Reached XP level 14. HP: 91/116 MP: 29/29
 21678 | Lair:5   | Reached ****** piety under Kikubaaqudgha
 21680 | Lair:5   | Received a gift from Kikubaaqudgha
 22296 | Lair:5   | Noticed an azure jelly
 22668 | D:12     | Found a staircase to the Orcish Mines.
 22960 | D:12     | Found a portal to a secret trove of treasure.
 23043 | D:12     | Identified the +0 pair of gloves "Uproupni" {-Cast Str+2
                  | Dex+2}
 24326 | D:12     | Learned a level 2 spell: Blink
 24333 | D:12     | Learned a level 6 spell: Simulacrum
 24340 | Orc:1    | Entered Level 1 of the Orcish Mines
 24415 | Orc:1    | Found a frozen archway.
 24511 | IceCv    | Entered an ice cave
 24965 | IceCv    | Reached skill level 5 in Dodging
 25166 | IceCv    | Acquired a manual of Spellcasting
 25491 | IceCv    | Found an ancient bone altar of Kikubaaqudgha.
 25801 | IceCv    | Reached skill level 1 in Shields
 27283 | IceCv    | Reached skill level 1 in Ice Magic
 27521 | IceCv    | Reached skill level 12 in Spellcasting
 27554 | IceCv    | Reached skill level 1 in Translocations
 28109 | Orc:1    | Noticed an orc warlord
 28156 | Orc:1    | Killed an orc warlord
 28783 | Orc:2    | Entered Level 2 of the Orcish Mines
 28783 | Orc:2    | Found a staircase to the Elven Halls.
 29370 | Orc:2    | Found a burning altar of Makhleb.
 29799 | Orc:2    | Found Jorheo's Magic Scroll Shoppe.
 29799 | Orc:2    | Found Vaidaf Piki's Armour Emporium.
 29800 | Orc:2    | Found Dissyuj's Armour Emporium.
 29804 | Orc:2    | Found Xoc Reawn's Book Shoppe.
 30513 | Orc:2    | Found Dum Cegh's Jewellery Emporium.
 30601 | Orc:2    | Bought Great Wizards, Vol. II for 532 gold pieces
 30607 | Orc:2    | Learned a level 5 spell: Borgnjor's Vile Clutch
 30680 | Orc:2    | Bought a scroll of fear for 72 gold pieces
 30680 | Orc:2    | Bought a scroll of blinking for 135 gold pieces
 30680 | Orc:2    | Bought a scroll of enchant weapon for 135 gold pieces
 30680 | Orc:2    | Bought a scroll of fog for 72 gold pieces
 30725 | Orc:2    | Bought the amulet of the Air {Inacc Air Fly rElec RMsl} for
                  | 526 gold pieces
 30725 | Orc:2    | Found the amulet of the Air {Inacc Air Fly rElec RMsl}
 31205 | D:13     | Noticed Snorg
 31233 | D:13     | Killed Snorg
 31889 | D:13     | Noticed Rupert
 31902 | D:13     | Killed Rupert
 32046 | D:13     | Reached XP level 15. HP: 112/114 MP: 17/31
 32431 | D:14     | Reached skill level 1 in Earth Magic
 32571 | D:14     | Found a gate to the Vaults.
 34522 | D:15     | Entered Level 15 of the Dungeon
 34823 | D:15     | Reached skill level 13 in Spellcasting
 35266 | D:15     | Identified the +1 ring mail of Suqelot {Slay+2}
 36273 | D:15     | Found a staircase to the Depths.
 36815 | D:11     | Killed tailcall's ghost
 37650 | Lair:3   | Found the +9 heavy crossbow "Sniper" {vorpal, Acc+∞ SInv}
 37835 | Spider:1 | Entered Level 1 of the Spider Nest
 37858 | Spider:1 | Noticed an emperor scorpion
 37865 | Spider:1 | Killed an emperor scorpion
 38085 | Spider:1 | You fall into a shaft and drop 1 floor!
 38397 | Spider:1 | Reached XP level 16. HP: 123/133 MP: 6/33
 39411 | Spider:1 | Reached skill level 5 in Ice Magic
 40999 | Spider:2 | Reached skill level 5 in Earth Magic
 42552 | Spider:3 | Noticed Aizul
 42563 | Spider:3 | Killed Aizul
 42778 | Spider:3 | Found a runed translucent door.
 43152 | Spider:3 | Reached skill level 15 in Fighting
 43199 | Spider:3 | Identified the +8 halberd "Goblin's Foe" {freeze, Contam
                  | rF+ rN+}
 43823 | Spider:3 | Noticed Mara
 43832 | Spider:3 | Learned a level 7 spell: Haunt
 43975 | Shoals:1 | Entered Level 1 of the Shoals
 43986 | Shoals:1 | Noticed a kraken
 44684 | Shoals:1 | Reached XP level 17. HP: 74/142 MP: 8/34
 49454 | Shoals:1 | Killed a kraken
 49455 | Shoals:1 | Reached skill level 14 in Spellcasting
 49838 | Shoals:1 | Reached skill level 1 in Summonings
 52011 | Shoals:2 | Found Juonif's General Store.
 52014 | Shoals:2 | Noticed Ilsuiw
 52032 | Shoals:2 | Killed Ilsuiw
 52038 | Shoals:2 | Bought the +1 buckler "Dirycw" {rF++ rN+ Dex+2} for 551
                  | gold pieces
 52038 | Shoals:2 | Bought a scroll of teleportation for 39 gold pieces
 52516 | Shoals:3 | Found Hesim's Antique Weapon Boutique.
 52699 | Shoals:3 | Found Gosabel's Antique Armour Shop.
 52707 | Shoals:3 | Bought a heavily runed scale mail for 207 gold pieces
 52707 | Shoals:3 | Identified the +1 scale mail "Zessul" {*Corrode +Blink
                  | rElec SInv} (You bought it in a shop on level 3 of the
                  | Shoals)
 53108 | Shoals:3 | Found Poudy's Book Emporium.
 53247 | Shoals:3 | Noticed a kraken
 53460 | Shoals:3 | Found Peusoxe's Armour Emporium.
 54059 | Elf:1    | Entered Level 1 of the Elven Halls
 55319 | Elf:1    | Paralysed by an air elemental for 1 turns
 55342 | Elf:1    | Paralysed by an air elemental for 1 turns
 55346 | Elf:1    | Paralysed by an air elemental for 1 turns
 55502 | Elf:1    | Reached skill level 5 in Armour
 56017 | Elf:1    | Reached skill level 15 in Spellcasting
 56351 | Elf:1    | Found a runed translucent gate.
 56351 | Elf:1    | Found a runed translucent gate.
 56351 | Elf:1    | Found a runed translucent gate.
 56351 | Elf:1    | Found a runed translucent gate.
 56351 | Elf:1    | Found a runed translucent gate.
 56354 | Elf:1    | Found a runed translucent gate.
 57390 | Spider:4 | Entered Level 4 of the Spider Nest
 57398 | Spider:4 | Reached XP level 18. HP: 82/151 MP: 10/37
 57882 | Spider:4 | Noticed Roxanne
 58602 | Spider:4 | Reached skill level 5 in Shields
 59915 | Spider:4 | Got a gossamer rune of Zot
 60434 | Vaults:1 | Entered Level 1 of the Vaults
 61687 | Vaults:1 | Reached skill level 16 in Spellcasting
 64277 | Shoals:4 | Entered Level 4 of the Shoals
 64560 | Shoals:4 | Reached XP level 19. HP: 154/159 MP: 21/39
 64918 | Shoals:4 | Reached skill level 5 in Summonings
 65933 | Shoals:4 | Reached skill level 17 in Spellcasting
 65950 | Shoals:4 | Got a barnacled rune of Zot
 66875 | Shoals:4 | Learned a level 8 spell: Infestation
 67513 | Elf:2    | Paralysed by an air elemental for 1 turns
 67609 | Elf:2    | Found a runed translucent gate.
 67610 | Elf:2    | Found a runed translucent gate.
 67610 | Elf:2    | Found a runed translucent gate.
 67737 | Elf:2    | Paralysed by an air elemental for 1 turns
 67741 | Elf:2    | Paralysed by an air elemental for 1 turns
 67834 | Elf:2    | Found Qoeckul's Antique Weapon Shoppe.
 67834 | Elf:2    | Found Junnock's Distillery.
 68038 | Elf:2    | Reached skill level 1 in Staves
 69067 | Vaults:2 | Found a staircase to the Crypt.
 69675 | Vaults:2 | Noticed Nikola
 69691 | Vaults:2 | Killed Nikola
 70019 | Vaults:2 | Noticed Saint Roka
 70029 | Vaults:2 | Killed Saint Roka
 70316 | Vaults:2 | Your ally Saint Roka died
 70913 | Vaults:2 | Reached XP level 20. HP: 49/170 MP: 3/41
 72803 | Vaults:3 | Reached skill level 18 in Spellcasting
 72803 | Vaults:3 | Reached skill level 10 in Ice Magic
 73524 | Vaults:3 | Found a transporter.
 73527 | Vaults:3 | Found a bloodstained altar of Trog.
 73548 | Vaults:3 | Found a transporter.
 73569 | Vaults:3 | Noticed Siling's ghost (adept DjFE)
 74935 | Vaults:3 | Upgraded the game from 0.29-a0-1019-g84f7d21838 to
                  | 0.29-a0-1023-g6ae1a4a2c7
 75752 | Vaults:4 | Reached skill level 10 in Armour
 75954 | Vaults:4 | Reached XP level 21. HP: 163/177 MP: 29/43
 76468 | Vaults:4 | Reached skill level 19 in Spellcasting
 77120 | Crypt:1  | Entered Level 1 of the Crypt
 79003 | Crypt:1  | Got the Meditations on Intoxicating Forms
 79008 | Crypt:1  | Identified the +10 trident of Amorality {pain, rElec rC+
                  | rN+}
 79182 | Crypt:2  | Reached skill level 5 in Staves
 79971 | Crypt:2  | Reached skill level 10 in Hexes
 79979 | Crypt:2  | Reached skill level 10 in Earth Magic
 80277 | Crypt:3  | Entered Level 3 of the Crypt
 81552 | Crypt:3  | Found a staircase to the Tomb.
 81622 | Crypt:3  | Reached skill level 10 in Summonings
 81847 | Crypt:3  | Reached skill level 10 in Evocations
 81847 | Crypt:3  | Reached XP level 22. HP: 183/186 MP: 42/45
 82411 | Crypt:3  | Found a basalt altar of Yredelemnul.
 82411 | Crypt:3  | Noticed an ancient lich
 82425 | Crypt:3  | Killed an ancient lich
 82648 | Crypt:3  | Identified the ring "Fothezok" {rElec rF+ rN+ Str+5 Stlth+}
 82648 | Crypt:3  | Identified the amulet of Hoci {rF+++ Regen+ rCorr Dex-2
                  | SInv}
 82648 | Crypt:3  | Identified the ring "Wetuyzxe" {rN+ Stlth+}
 83101 | Elf:3    | Entered Level 3 of the Elven Halls
 83839 | Elf:3    | Paralysed by an air elemental for 1 turns
 83842 | Elf:3    | Paralysed by an air elemental for 1 turns
 83846 | Elf:3    | Paralysed by an air elemental for 1 turns
 83848 | Elf:3    | Paralysed by an air elemental for 1 turns
 83853 | Elf:3    | Paralysed by an air elemental for 1 turns
 83857 | Elf:3    | Paralysed by an air elemental for 1 turns
 83863 | Elf:3    | Paralysed by an air elemental for 1 turns
 84264 | Elf:3    | Reached skill level 20 in Spellcasting
 84980 | Elf:3    | Identified the amulet "Boir" {Faith rC+ Will+ Stlth-}
 85266 | Elf:3    | Identified the +10 dagger of Integrity {vorpal, Dex+5}
 85266 | Elf:3    | Identified the ring of Perfectionism {*Slow rF+ rC+ Str+2
                  | Int+6}
 85549 | Elf:3    | Got the Tome of Evolution and Spelunking
 85599 | Elf:3    | Identified the +4 mace "Datad" {freeze, Will+ Str+2}
 85662 | Elf:3    | Got the Folio of Virous Fascination
 85962 | Depths:1 | Entered Level 1 of the Depths
 86059 | Depths:1 | Noticed the Enchantress
 86069 | Depths:1 | Killed the Enchantress
 86317 | Depths:1 | Found a one-way gateway to a ziggurat.
 86343 | Depths:1 | Found a runed translucent gate.
 86343 | Depths:1 | Found a runed translucent gate.
 86344 | Depths:1 | Found a runed translucent gate.
 86345 | Depths:1 | Noticed Byzxis's ghost (journeyman GrFi)
 86345 | Depths:1 | Noticed Xockerhu's ghost (adept MiMo)
 86346 | Depths:1 | Noticed Kuys's ghost (veteran NaVM)
 86468 | Depths:1 | Found a gateway to Hell.
 86593 | Depths:1 | Found a snail-covered altar of Cheibriados.
 86598 | Depths:1 | Identified the +5 chain mail "Biletza" {rPois Int+3 Stlth+}
 87918 | Depths:1 | Mangled by a vampire knight (illusionary)

Illustrated notes

Levels and vault maps discovered:
D:1:      eino_arrival_cavern_b, layout_loops_ring, serial_rivers,
          chequers_serial_rivers_large_a, chequers_serial_rivers_small_b,
          chequers_serial_rivers_marsh, chequers_serial_rivers_large_b,
          dreamdust_ecumenical_altar_drowned_temple, hangedman_glass_teeth,
          serial_park_tiny_1
D:2:      layout_loops_corners, basic_altar
D:3:      layout_rooms, nicolae_vehumet_radiance, uniq_grinder, uniq_terence,
          uniq_natasha
D:4:      layout_layer_cave, mainiacjoe_overflow_alcove_2, temple_doors_e,
          minmay_rat_hole, uniq_robin, uniq_eustachio
D:5:      layout_gridville, elyvilon_altar_5,
          lightli_ossuary_entry_decrepit_ruins, uniq_pikel
D:6:      layout_basic, nicolae_gozag_conspicuous_consumption,
          grunt_ministairs_7, nicolae_titane, uniq_crazy_yiuf_cottage,
          uniq_menkaure
D:7:      layout_basic, lemuel_round_altar, grunt_ministairs_15, uniq_duvessa
D:8:      layout_rooms, kennysheep_doodads, uniq_erica
D:9:      layout_basic, mainiacjoe_overflow_alcove_1,
          nicolae_sif_muna_condensation, mainiacjoe_overflow_catwalk_spiral,
          david_lair_generic
D:10:     layout_stronghold, marbit_many_paths, mainiacjoe_overflow_paths,
          enter_bailey_4, minmay_liquid_box, grunt_ogre_cave
D:11:     layout_roguey, gammafunk_ghost_spectres, kennysheep_generic_room_11
D:12:     layout_grid_maze, david_orc_3, enter_trove_6
D:13:     layout_cave_pools, grunt_tough_drop, uniq_rupert, uniq_snorg
D:14:     layout_basic, david_vaults_4, serial_park_tiny_2
D:15:     hangedman_depths_entry_try_elsewhere_first, layout_basic,
          serial_park_tiny_1, item_on_display_a
Temple:   nicolae_temple_ecumenical_triangle
Lair:1:   layout_gridlike, minmay_lair_oklob_bushes,
          nicolae_quartered_pool_medium, grunt_megastairs_4
Lair:2:   layout_cave_pods
Lair:3:   gammafunk_mikee_crab_dinner, layout_regular_city, shoals_dummy_entry,
          nicolae_spider_entry_orb_guardian, basic_altar,
          gauntlet_entry_generic, roderic_carrion_pond,
          infiniplex_staircase_pool_2, lemuel_fruit_fields
Lair:4:   layout_long_grid, grunt_forest_small_clearings
Lair:5:   minmay_lair_end_enchanted_forest, layout_regular_city, slime_entry_1,
          nicolae_lair_time_for_slime, lemuel_fruit_tree
Shoals:1: layout_shoals
Shoals:2: layout_shoals, serial_shops, shop, uniq_ilsuiw
Shoals:3: layout_shoals, serial_shops, nicolae_square_shop, shop,
          nicolae_shop_hallway_stairs, shop
Shoals:4: shoals_end_hangedman, layout_shoals, nicolae_shoals_spectral_cove
Spider:1: layout_spider_delve
Spider:2: layout_cave_pods
Spider:3: cheibrodos_spider_deadly_dance, drop_trap, uniq_mara, uniq_aizul
Spider:4: guppyfry_spider_rune, uniq_roxanne
Orc:1:    layout_caves, portal_ice_cave_demonic_guard
Orc:2:    st_orc_mages, layout_caves, serial_shops, nicolae_diamond_shop,
          basic_altar, bloody_makhleb
Elf:1:    elf_arrival_002, layout_loops_corners, orc_legates
Elf:2:    nicolae_elf_blades_crystal_corner, layout_loops_corners, minivault_19,
          minmay_shoptagon
Elf:3:    minmay_elf_hall_not_hex, layout_geoelf_diagonals, grunt_megastairs_3
Vaults:1: nicolae_vaults_hallways_thing, hangedman_vaults_stitches,
          nicolae_vaults_network_barrier, vaults_room_fours,
          nicolae_vaults_little_squares_6, grunt_vaults_funnel,
          nicolae_vaults_three_branches, nicolae_vaults_sealed_display,
          ontoclasm_vaults_loading_screen, layout_vaults_quadrants
Vaults:2: minmay_crypt_entry_vampire_xt, v_pattern_3,
          nicolae_vaults_little_squares_6, nicolae_vaults_network_star,
          nicolae_vaults_diagonal_hallway_9, nicolae_vaults_arrows,
          ontoclasm_vaults_decontamination, ontoclasm_vaults_idyll,
          nicolae_vaults_rhombus_5, vaults_room_hallway,
          dpeg_vaults_monster_box, layout_vaults_omnicross, uniq_saint_roka,
          uniq_nikola
Vaults:3: gammafunk_ghost_wrathful_warriors,
          vaults_standard_mumra_enter_the_diamond, v_misc_4,
          nicolae_vaults_quartermaster, v_misc_2, v_alt_pattern_3,
          hangedman_vaults_restitches, v_misc_30,
          hangedman_vaults_corner_blocks, nicolae_vaults_specimen_jars,
          vaults_room_hallway, vaults_standard_mumra_enter_the_diamond,
          vaults_dpeg_hooks, layout_vaults_ring
Vaults:4: vaults_room_corners, nicolae_vaults_big_angled_halls,
          vaults_dpeg_ring, v_misc_4, vaults_mumra_hex, st_eye,
          hangedman_vaults_stream, ontoclasm_vaults_misaligned,
          nicolae_vaults_ring_of_whatevers, layout_vaults_chaotic_city
Crypt:1:  statuecave_lemuel, layout_gridlike, roderic_lattice_octagonal_star
Crypt:2:  layout_rooms
Crypt:3:  cryptofortress_bobbens
Depths:1: layout_small_grid, enter_ziggurat_b, hangedman_coc_ice_floe,
          kennysheep_nondescript, gammafunk_ghost_cemetery, cheibriados_altar_1,
          firewood_loft, uniq_enchantress
Depths:2: cheibrodos_leafed_vault, layout_cave_shapes, hell_entry,
          grunt_pan_entry_spiral, minmay_splitting_lines,
          cheibrodos_ashenzari_chains, minmay_staircase_bubble, uniq_josephina

Skill      XL: |  1  2  3  4  5  6  7  8  9 10 11 12 13 14 15 16 17 18 19 20 21 22 |
---------------+-------------------------------------------------------------------+-----
Fighting       | 1 2 3 4 5 7 8 10 11 12 13 14 15 16 17 18 19 | 19.3
Spellcasting   | 3 5 7 9 10 11 12 13 15 16 17 18 19 20 | 20.2
Dodging        | 2 3 4 5 6 7 8 9 |  9.0
Stealth        | 2 3 4 |  4.0
Necromancy     | 6 8 9 10 12 13 15 16 17 18 19 | 19.6
Evocations     | 1 2 3 4 5 6 7 8 9 10 | 10.9
Hexes          | 1 4 6 7 8 9 10 | 10.0
Armour         | 1 3 4 5 7 8 10 11 | 11.4
Shields        | 2 4 6 |  6.0
Ice Magic      | 2 4 6 8 9 10 | 10.0
Translocations | 1 3 4 |  4.0
Earth Magic    | 3 6 7 8 9 10 | 10.0
Summonings     | 2 4 6 8 10 | 10.0
Staves         | 2 4 5 7 |  7.2

Action                   |  1- 3 |  4- 6 |  7- 9 | 10-12 | 13-15 | 16-18 | 19-21 | 22-24 || total
-------------------------+-------+-------+-------+-------+-------+-------+-------+-------++-------
Melee: Dagger            |    15 |    92 |   144 |       |       |       |       |       ||   251
       Whip              |       |       |   222 |       |       |       |       |       ||   222
       Punch             |       |       |     6 |       |     5 |       |       |       ||    11
       Scimitar          |       |       |       |   280 |   605 |   338 |   307 |       ||  1530
       Staff             |       |       |       |       |       |       |    71 |   119 ||   190
       Trident           |       |       |       |       |       |       |       |     3 ||     3
Throw: Dart              |     2 |       |     3 |       |     2 |       |     1 |       ||     8
       Stone             |    11 |     1 |    17 |     1 |       |       |       |       ||    30
       Throwing net      |       |       |     1 |       |       |       |       |       ||     1
 Cast: Necrotise         |    73 |    58 |    33 |     2 |       |       |       |       ||   166
       Vampiric Draining |       |     5 |    23 |    18 |    29 |    16 |     7 |       ||    98
       Anguish           |       |       |    22 |    78 |   179 |   259 |   138 |    32 ||   708
       Animate Dead      |       |       |    10 |    11 |    25 |    22 |    16 |     1 ||    85
       Dispel Undead     |       |       |       |     7 |    44 |       |   169 |    33 ||   253
       Death Channel     |       |       |       |    13 |    41 |    58 |    30 |       ||   142
       Borgnjor's Vile C |       |       |       |       |    51 |   131 |   194 |    85 ||   461
       Simulacrum        |       |       |       |       |    15 |    20 |     3 |       ||    38
       Blink             |       |       |       |       |     6 |    10 |     7 |     3 ||    26
       Haunt             |       |       |       |       |       |     2 |     9 |    17 ||    28
       Infestation       |       |       |       |       |       |       |    16 |    23 ||    39
Invok: Unearth Wretches  |       |       |       |     1 |    14 |    14 |     4 |     1 ||    34
       Receive Forbidden |       |       |       |       |     1 |       |       |       ||     1
       Torment           |       |       |       |       |       |     1 |       |     2 ||     3
Evoke: Wand              |       |       |     3 |     4 |    16 |     3 |     4 |       ||    30
       Box of beasts     |       |       |       |       |       |     4 |     1 |     1 ||     6
  Use: Scroll            |     3 |     2 |    12 |     5 |    11 |    10 |    16 |     5 ||    64
 Stab: Sleeping          |     2 |       |     7 |    11 |       |     2 |     4 |       ||    26
       Distracted        |     1 |       |     4 |     1 |     4 |     2 |     7 |       ||    19
       Paralysed         |       |       |       |       |     1 |     3 |     2 |       ||     6
Armor: Robe              |     7 |    34 |   151 |   274 |   503 |   397 |   363 |    48 ||  1777
       Acid dragon scale |       |       |       |       |       |       |       |    63 ||    63
Dodge: Dodged            |    21 |    87 |   217 |   362 |   662 |   610 |   495 |   115 ||  2569
       Repelled          |       |       |       |       |       |    18 |    10 |       ||    28
Block: Buckler           |       |       |       |       |   132 |   277 |   229 |    77 ||   715
       Reflection        |       |       |       |       |     3 |    10 |       |     5 ||    18

Table legend: (Time is in decaauts)
 A = Elapsed time spent in this place.
 B = Non-inter-level travel time spent in this place.
 C = Inter-level travel time spent in this place.
 D = Time resting spent in this place.
 E = Time spent auto-exploring this place.
 F = Levels seen in this place.
 G = Mean time per level.
                   A        B        C        D        E       F      G
               +--------+--------+--------+--------+--------+-----+--------+
         Total |  88897 |  82624 |   6273 |  16668 |  51766 |  46 | 1932.5 |
       Dungeon |  23904 |  21653 |   2251 |   1779 |  16562 |  15 | 1593.6 |
        Temple |     66 |     37 |     29 |      0 |     30 |   1 |   66.0 |
          Lair |  13152 |  12301 |    851 |   5569 |   5177 |   5 | 2630.4 |
        Shoals |   7532 |   7257 |    275 |    567 |   5648 |   4 | 1883.0 |
   Spider Nest |   9140 |   8662 |    478 |   1527 |   5879 |   4 | 2285.0 |
  Orcish Mines |   3082 |   2631 |    451 |    488 |   1651 |   2 | 1541.0 |
   Elven Halls |   7594 |   6851 |    743 |    737 |   4602 |   3 | 2531.3 |
        Vaults |  11718 |  11183 |    535 |   1668 |   7635 |   4 | 2929.5 |
         Crypt |   5703 |   5237 |    466 |   1633 |   2143 |   3 | 1901.0 |
        Depths |   1936 |   1745 |    191 |    477 |    921 |   2 |  968.0 |
       Ossuary |   1156 |   1156 |      0 |    848 |     30 |   1 | 1156.0 |
        Bailey |    402 |    402 |      0 |      0 |    149 |   1 |  402.0 |
      Ice Cave |   3506 |   3506 |      0 |   1375 |   1337 |   1 | 3506.0 |
               +--------+--------+--------+--------+--------+-----+--------+

Top non-repeatable levels by time:
  Lair:3: 7555 daAuts
Vaults:2: 4018 daAuts
   IceCv: 3506 daAuts
Vaults:1: 3389 daAuts
   Elf:1: 3211 daAuts
Shoals:4: 2639 daAuts
    D:14: 2572 daAuts
   Elf:3: 2481 daAuts
 Crypt:3: 2432 daAuts
Spider:3: 2380 daAuts
Spider:4: 2309 daAuts
Spider:1: 2288 daAuts
    D:15: 2218 daAuts
Spider:2: 2161 daAuts
Vaults:4: 2156 daAuts
